 Dungeon Crawl Stone Soup version 0.30-a0-986-g7f2e898f52 (webtiles) character file.

Game seed: 16481829790513704123

73 BlueFish the Insei (level 4, 0/29 HPs)
             Began as an Octopode Transmuter on Apr 1, 2023.
             Slain by an orc wizard
             ... wielding a +0 dagger
              (4 damage)
             ... on level 2 of the Dungeon.
             The game lasted 00:02:49 (1167 turns).

BlueFish the Insei (Octopode Transmuter)            Turns: 1167, Time: 00:02:50

Health: 0/29       AC:  2    Str: 11    XL:     4   Next: 27%
Magic:  1/7        EV: 19    Int: 15    God:
Gold:   74         SH:  0    Dex: 17    Spells: 1/7 levels left

rFire   . . .      SeeInvis .      - Unarmed
rCold   . . .      Faith    .    (shield currently unavailable)
rNeg    . . .      Spirit   .    (helmet currently unavailable)
rPois   x          Reflect  .    (no amulet)
rElec   .          Rampage  .    (no ring)
rCorr   .                        (no ring)
Will    .....                    (no ring)
Stlth   ++                       (no ring)
HPRegen 0.24/turn                (no ring)
MPRegen 0.10/turn                (no ring)
                                 (no ring)
                                 (no ring)

@: lethally poisoned (0 -> -2), spider-form, very slightly contaminated
A: venomous fangs, almost no armour, (amphibious), 8 rings, tiny, (camouflage
1), (gelatinous body 1), (nimble swimmer 1), (tentacles)
a: End Transformation


You were on level 2 of the Dungeon.
You were a venomous arachnid creature.
You visited 1 branch of the dungeon, and saw 2 of its levels.

You collected 74 gold pieces.

Inventory:

Missiles
 a - 5 poisoned darts
Scrolls
 c - 4 scrolls of identify {unknown}
 d - a scroll of teleportation {unknown}
 g - a scroll of enchant weapon {unknown}
 h - a scroll of torment {unknown}


   Skills:
 + Level 1.7 Fighting
 + Level 2.2 Dodging
 * Level 2.9 Stealth
 + Level 3.2 Unarmed Combat
 + Level 2.2 Spellcasting
 + Level 2.3 Transmutations
 * Level 1.1 Poison Magic


You had one spell level left.
You knew the following spells:

 Your Spells              Type           Power      Damage    Failure   Level
a - Beastly Appendage     Tmut           16%        N/A       22%         1
b - Wereblood             Tmut           8%         N/A       30%         2
c - Spider Form           Tmut/Pois      6%         N/A       54%         3

Your spell library contained the following spells:

 Spells                   Type           Power      Damage    Failure   Level
 Slow                     Hex            4%         N/A       43%         1
 Confusing Touch          Hex            1%         N/A       75%         3
 Vampiric Draining        Necr           1%         2d6       75%         3
 Ice Form                 Ice/Tmut       5%         N/A       92%         4


Dungeon Overview and Level Annotations

Branches:
Dungeon (2/15)

Altars:

Shops:
D:1 [


Innate Abilities, Weirdness & Mutations

You are a venomous arachnid creature.
You have venomous fangs.
You are tiny and dextrous.
Your spellcasting is less reliable in this form.
Your armour is entirely melded.
You are incapable of wielding weapons or throwing items.
You cannot wear most types of armour.
((You are amphibious.))
You can wear up to eight rings at the same time.
((Your skin changes colour to match your surroundings (Stealth+).))
((Your rubbery body absorbs attacks. (AC +1, EV +1)))
((You are camouflaged when in or above water. (Stealth+)))
((You have tentacles for arms and can constrict up to eight enemies at once.))


Message History

Your tentacle spike disappears.
An orc comes into view.
It is wielding a +0 war axe and wearing a +1 scale mail of poison resistance.
An orc comes into view. It is wielding a +0 hand axe.
An orc and an orc wizard come into view.
The orc is wielding a +2 dagger of venom.
The orc wizard shouts!
You hear a shout!
An orc comes into view. It is wielding a +0 dagger.
The orc moves out of view.
The orc shouts! x3
The orc completely misses you.
The orc wizard gestures at you while chanting.
You resist with some effort. The orc hits you with a +0 war axe!
The orc closely misses you. The orc attacks as you move away!
The orc hits you with a +0 dagger. The orc hits you with a +0 war axe.
The orc attacks as you move away! The orc completely misses you.
Casting: Beastly Appendage (safe; 9% risk of failure)
Confirm with . or Enter, or press ? or * to list all spells.
The spell is extremely dangerous to miscast (32% risk of failure)!
Continue anyway?
You miscast Spider Form.
You are very lightly contaminated with residual magic.
You feel odd!
You are poisoned.
* * * LOW HITPOINT WARNING * * *
You feel sick.
You aren't carrying any potions.
As you read the scroll labelled SOUPSI SADUPUMM, it crumbles to dust.
It is a scroll of amnesia.
Really abort (and waste the scroll)? [Y]es or [N]o only, please.
Really abort (and waste the scroll)?
Okay, then.
You feel sick.
Casting: Spider Form (extremely dangerous; 32% risk of failure)
Confirm with . or Enter, or press ? or * to list all spells.
The spell is extremely dangerous to miscast (32% risk of failure)!
Continue anyway?
You turn into a venomous arachnid creature.
You feel sick.
The orc wizard hits you with a +0 dagger.
You die...

#.# #.# #.##.# #.#
#.# #.##.# #.# #.#
#.##.# ##.###.#
##.##.#
###...##.###...#.#
..o..##.##......#
#.o.##.........#
#o###.##.....##
#oos........##
#.###.####### #.#
#.# #.# #.# #..
... ### #.. #.##
#..


You could see an orc wizard and 2 orcs.

Vanquished Creatures
  3 adders (D:2)
  A worm (D:2)
  2 dart slugs (D:1)
  2 endoplasms (D:1)
  A giant cockroach (D:1)
  3 goblins
  8 hobgoblins
  7 jackals
  2 quokkas (D:1)
  A ball python (D:1)
  A bat (D:1)
  2 kobolds (D:1)
  3 rats (D:1)
36 creatures vanquished.

Notes
Turn   | Place    | Note
-------+----------+-------------------------------------------
     0 | D:1      | BlueFish the Octopode Transmuter began the quest for the
                  | Orb.
     0 | D:1      | Reached XP level 1. HP: 13/13 MP: 3/3
   145 | D:1      | Reached skill level 1 in Stealth
   147 | D:1      | Reached XP level 2. HP: 5/18 MP: 5/5
   153 | D:1      | Learned a level 2 spell: Wereblood
   232 | D:1      | Found Baon's Antique Armour Shop.
   484 | D:1      | Reached XP level 3. HP: 23/23 MP: 6/6
   490 | D:1      | Learned a level 3 spell: Spider Form
  1025 | D:2      | Reached skill level 1 in Poison Magic
  1025 | D:2      | Reached XP level 4. HP: 29/29 MP: 3/7
  1167 | D:2      | Slain by an orc wizard

Illustrated notes

Levels and vault maps discovered:
D:1:      heliophobic_arrival_dark_side_of_the_moon, layout_basic, serial_shops,
          shop, nicolae_titane
D:2:      layout_loops_ring

Skill      XL: |  1  2  3 |
---------------+----------+-----
Stealth        | 1 2 |  2.9
Poison Magic   | 1 |  1.1
Fighting       | |  1.7
Dodging        | |  2.2
Unarmed Combat | |  3.2
Spellcasting   | |  2.2
Transmutations | |  2.3

Action                     |  1- 3 |  4- 6 || total
---------------------------+-------+-------++-------
  Melee: Unarmed           |    77 |     1 ||    78
         Constrict         |    23 |     1 ||    24
         Tentacles         |    13 |     1 ||    14
         Punch             |     3 |       ||     3
         Kick              |    13 |       ||    13
   Cast: Beastly Appendage |     6 |     1 ||     7
         Spider Form       |     1 |     1 ||     2
    Use: Potion            |     3 |       ||     3
         Scroll            |       |     1 ||     1
   Stab: Sleeping          |     6 |       ||     6
 Armour: Skin              |     5 |       ||     5
  Dodge: Dodged            |    59 |     6 ||    65

Table legend: (Time is in decaauts)
 A = Elapsed time spent in this place.
 B = Non-inter-level travel time spent in this place.
 C = Inter-level travel time spent in this place.
 D = Time resting spent in this place.
 E = Time spent auto-exploring this place.
 F = Levels seen in this place.
 G = Mean time per level.
                   A        B        C        D        E       F      G
               +--------+--------+--------+--------+--------+-----+--------+
         Total |   1163 |   1153 |     10 |      0 |    884 |   2 |  581.5 |
       Dungeon |   1163 |   1153 |     10 |      0 |    884 |   2 |  581.5 |
               +--------+--------+--------+--------+--------+-----+--------+

Top non-repeatable levels by time:
     D:1: 901 daAuts
     D:2: 262 daAuts
